 Dungeon Sprint DCSS version 0.19.1-1-g22dce08 (webtiles) character file.

0 lorenzova the Conjurer (level 1, -6/10 HPs)
             Began as a Deep Elf Conjurer on Jan 3, 2017.
             Was an Initiate of Vehumet.
             Killed by nerve-wracking pain
             ... invoked by Jessica
              (9 damage)
             ... in the Dungeon (Sprint VI: "Thunderdome").
             The game lasted 00:01:59 (74 turns).

lorenzova the Conjurer (Deep Elf Conjurer)            Turns: 74, Time: 00:02:01

Health: -6/10      AC:  2    Str:  5    XL:     1   Next: 16%
Magic:  1/7        EV: 13    Int: 19    God:    Vehumet [......]
Gold:   60         SH:  0    Dex: 15    Spells: 1 memorised, 6 levels left

rFire  . . .     SeeInvis .     (no weapon)
rCold  . . .     Gourm    .     a - +0 robe
rNeg   . . .     Faith    .     (no shield)
rPois  .         Spirit   .     (no helmet)
rElec  .         Reflect  .     (no cloak)
rCorr  .         Harm     .     (no gloves)
MR     .....     NoTele   +     (no boots)
Stlth  ++........               (no amulet)
                                (no ring)
                                (no ring)

@: no status effects
A: no striking features
a: Renounce Religion


You were in the Dungeon.
You worshipped Vehumet.
Vehumet was noncommittal.
You were not hungry.

You visited 1 branch You collected 200 gold pieces.
You spent 140 gold pieces at shops.

Inventory:

Armour
 a - a +0 robe (worn)
Scrolls
 i - 4 scrolls of blinking
 j - 3 scrolls of fog
Potions
 d - a potion of curing
 e - 4 potions of heal wounds
 f - 4 potions of haste
 g - 2 potions of magic
 h - a potion of berserk rage
 k - a potion of resistance
Books
 b - a book of Conjurations

   Spells                             Type                      Level
   a - Magic Dart                     Conjuration                  1
   b - Searing Ray                    Conjuration                  2
   c - Dazzling Spray                 Conjuration/Hexes            3
   d - Fulminant Prism                Conjuration/Hexes            4
   e - Iskenderun's Mystic Blast      Conjuration                  4
   f - Iskenderun's Battlesphere      Conjuration/Charms           5
 l - a book of Minor Magic

   Spells                             Type                      Level
   a - Magic Dart                     Conjuration                  1
   b - Blink                          Translocation                2
   c - Call Imp                       Summoning                    2
   d - Repel Missiles                 Charms/Air                   2
   e - Slow                           Hexes                        2
   f - Conjure Flame                  Conjuration/Fire             3
   g - Mephitic Cloud                 Conjuration/Poison/Air       3
Comestibles
 c - a bread ration


   Skills:
 - Level 2.4 Dodging
 - Level 2.4 Stealth
 + Level 3.6 Spellcasting
 + Level 4.6 Conjurations


You had 6 spell levels left.
You knew the following spells:

 Your Spells              Type           Power        Failure   Level  Hunger
a - Magic Dart            Conj           ###.         1%          1    None


Dungeon Overview and Level Annotations

Branches:
Dungeon (1/1)

Altars:
Cheibriados
Dithmenos
Fedhas
Gozag
Kikubaaqudgha
Makhleb
Okawaru
Qazlal
Ru
Sif Muna
Trog
Uskayaw
Vehumet
Xom
Yredelemnul
The Shining One
Beogh
Jiyva
Lugonu

Shops:
D ?*?*:[((!!!!

Annotations:
D Jessica, Sigmund, Terence


Message History

Jessica mumbles some strange words.
Jessica blinks!
You're too confused to move!
Jessica mumbles some strange words.
Jessica seems to speed up.
Sigmund closely misses you.
You miss Sigmund.
Sigmund is heavily wounded.
You barely miss Sigmund.
Sigmund is heavily wounded.
You feel less confused.
Terence the Incautious comes into view.
He is wielding a short sword.
Terence shouts!
Jessica points at you and mumbles some strange words.
You barely resist. Sigmund hits you with a scythe!
Ouch! That really hurt!
* * * LOW HITPOINT WARNING * * *
Jessica gestures at you while chanting. Pain shoots through your body!
Ouch! That really hurt!
You die...

......###...###..........
...... #.<.# #..........
......###...###..........
.........###.............
.......8.# #.8........∩##
__...@..###......___∩##
#.8.........8.######
#⌠...........⌠#
###..@@.....###
#_......._# #_......._#
#_......._# #∩.......∩#
##∩.....∩## ##.....##
##@⌠⌠## #####


You could see Sigmund, Terence and Jessica.

Vanquished Creatures
  A goblin (D)
1 creature vanquished.

Notes
Turn   | Place    | Note
-------+----------+-------------------------------------------
     0 | D        | lorenzova the Deep Elf Conjurer began the quest for the Orb.
     0 | D        | Reached XP level 1. HP: 10/10 MP: 6/6
     4 | D        | Found a shadowy altar of Dithmenos.
     5 | D        | Found an ancient bone altar of Kikubaaqudgha.
     5 | D        | Found a radiant altar of Vehumet.
     5 | D        | Round 1.
     6 | D        | Found a glowing golden altar of the Shining One.
     7 | D        | Found a bloodstained altar of Trog.
     7 | D        | Found a sacrificial altar of Ru.
     7 | D        | Found Gaploota's Staff Store.
     7 | D        | Found Bolimam's Magic Scroll Shop.
     8 | D        | Found Awecsar's Must-Have Magic.
     8 | D        | Found Zufoick's Magic Scroll Shop.
    13 | D        | Became a worshipper of Vehumet
    17 | D        | Bought a book of Minor Magic for 140 gold pieces
    21 | D        | Found a stormy altar of Qazlal.
    22 | D        | Found a snail-covered altar of Cheibriados.
    35 | D        | Noticed Sigmund
    41 | D        | Found Fucigawn's Distillery.
    42 | D        | Found Ezacw's Distillery.
    42 | D        | Found Xaicwas's Bottled Wisdom.
    42 | D        | Found an opulent altar of Gozag.
    42 | D        | Found a deep blue altar of Sif Muna.
    42 | D        | Found a burning altar of Makhleb.
    42 | D        | Found Vanuoq's Do-It-Yourself Clinic.
    48 | D        | Found a shimmering altar of Xom.
    54 | D        | Found a hide-covered altar of Uskayaw.
    54 | D        | Found a viscous altar of Jiyva.
    54 | D        | Found Hutorul's Weapon Rack.
    54 | D        | Found Leurpheu's Basic Armour.
    55 | D        | Found Rydwal's Miscellaneous Merchandise.
    56 | D        | Found a basalt altar of Yredelemnul.
    56 | D        | Found a blossoming altar of Fedhas.
    56 | D        | Found an iron altar of Okawaru.
    56 | D        | Found Roin Oqoim's Premium Goods.
    67 | D        | Found a roughly hewn altar of Beogh.
    69 | D        | Noticed Jessica
    70 | D        | Found a corrupted altar of Lugonu.
    74 | D        | Noticed Terence
    74 | D        | Killed from afar by Jessica

Action                   || total
-------------------------++-------
Melee: Unarmed           ||     2
 Cast: Magic Dart        ||     9
Armor: Robe              ||     1
Dodge: Dodged            ||     4
